[Event "Titled Tuesday Blitz February 28 Early 2023"]
[White "Ahmadzada, Ahmad"]
[Black "Caruana, Fabiano"]
[WhiteFideId "13413007"]
[BlackFideId "2020009"]
[WhiteElo "2388"]
[BlackElo "2818"]
[Result "1/2-1/2"]
[Round "05"]
[TimeControl "180+2"]
[Date "2023.02.28"]
[WhiteClock "0:00:06"]
[BlackClock "0:00:11"]

1. Nf3 Nf6 2. g3 g6 3. Bg2 Bg7 4. O-O O-O 5. c4 d6 6. Nc3 c6 7. d4 Bf5 8. Nh4 Be6 9. b3 d5 10. cxd5 Nxd5 11. Bb2 a5 12. Nf3 Na6 13. Ng5 Bg4 14. h3 Bd7 15. e4 Nxc3 16. Bxc3 c5 17. Nf3 Bb5 18. Re1 Nb4 19. e5 Rc8 20. Qd2 b6 21. a3 Nd5 22. Bb2 c4 23. bxc4 Bxc4 24. e6 f6 25. a4 Rc6 26. Ba3 Qc7 27. Rac1 Rc8 28. Nh2 Qd8 29. Nf1 R6c7 30. Ne3 Nxe3 31. Qxe3 f5 32. d5 Bxd5 33. Rcd1 Rc3 34. Rxd5 Qf8 35. Rd3 Rxd3 36. Qxd3 Rc3 37. Qd7 Rxa3 38. Rc1 Rc3 39. Rxc3 Bxc3 40. Bc6 Kg7 41. Qd3 Qf6 42. Qd5 Bd4 43. Kg2 Bc5 44. Bb5 Qb2 45. Qf3 Kf6 46. Qe2 Qxe2 47. Bxe2 Kxe6 48. Bb5 Kd5 49. f4 Kd4 50. Kf3 Bd6 51. h4 e5 52. fxe5 Bxe5 53. Be8 Kc5 54. Bb5 Kb4 55. Be8 Bd6 56. Bb5 Kc3 57. Be8 Kd4 58. Bb5 Ke5 59. Be8 Kf6 60. Bb5 Bb4 61. Bc6 Be1 62. Bb5 Ke5 63. Bd7 f4 64. gxf4+ Kd6 65. Bb5 Bxh4 66. Kg4 Bf6 67. Bc4 Kc5 68. Bb5 Kd4 69. Kf3 Be7 70. Be8 Bd6 71. Bb5 Kd5 72. Be8 Ke6 73. Bb5 Kf6 74. Bd7 Ke7 75. Bb5 Kf6 76. Kg4 Bb4 77. Bc6 Bd2 78. Kf3 h5 79. Bb5 Bb4 80. Bc6 Bd6 81. Bb5 Kg7 82. Be8 Kh6 83. Bb5 Kg7 84. Be8 Kf6 85. Bb5 Ke7 86. Bd3 Kf7 87. Bc4+ Kf6 88. Bb5 1/2-1/2


[Site "https://www.chess.com"]

[Event "Titled Tuesday Blitz February 28 Early 2023"]
[White "Paravyan, David"]
[Black "Kravtsiv, Martyn"]
[WhiteFideId "4194985"]
[BlackFideId "14113147"]
[WhiteElo "2577"]
[BlackElo "2695"]
[Result "1-0"]
[Round "05"]
[TimeControl "180+2"]
[Date "2023.02.28"]
[WhiteClock "0:00:06"]
[BlackClock "0:00:01"]

1. e4 e5 2. Nf3 Nc6 3. Bb5 a6 4. Ba4 Nf6 5. O-O Be7 6. Re1 b5 7. Bb3 O-O 8. c3 d5 9. exd5 Nxd5 10. Nxe5 Nxe5 11. Rxe5 c6 12. Re1 Bd6 13. d3 Qh4 14. g3 Qh3 15. Re4 Nf6 16. Rh4 Qf5 17. Nd2 g5 18. Rd4 Bc5 19. Nf3 Bxd4 20. Nxd4 Qg6 21. Qf3 Bb7 22. Nf5 Rae8 23. Be3 c5 24. Qxb7 Qxf5 25. Qxa6 Ng4 26. Rf1 Qf3 27. Bd1 Qf5 28. Bxg4 Qxg4 29. Bxc5 Re6 30. Qxb5 Rfe8 31. Bd4 Rh6 32. Qd5 Rh5 33. a4 Qh3 34. Qg2 Qd7 35. a5 Qb5 36. Qf3 Rh6 37. b4 Rg6 38. h3 Qd7 39. Kg2 g4 40. hxg4 Rxg4 41. Rh1 Rg6 42. Rh5 h6 43. Rd5 Qc6 44. Rf5 Qd7 45. Rf6 1-0


[Site "https://www.chess.com"]

[Event "Titled Tuesday Blitz February 28 Early 2023"]
[White "Le, Tuan Minh"]
[Black "Koelle, Tobias"]
[WhiteFideId "12401153"]
[BlackFideId "16207378"]
[WhiteElo "2558"]
[BlackElo "2497"]
[Result "1-0"]
[Round "05"]
[TimeControl "180+2"]
[Date "2023.02.28"]
[WhiteClock "0:00:04"]
[BlackClock "0:00:02"]

1. d4 Nf6 2. Nf3 c5 3. c3 cxd4 4. cxd4 d5 5. Nc3 Nc6 6. Bf4 Bf5 7. Qb3 Na5 8. Qa4+ Bd7 9. Qc2 e6 10. e3 Rc8 11. Bd3 Bb4 12. O-O O-O 13. Ne5 h6 14. Rac1 a6 15. Qe2 b5 16. Nb1 Nc4 17. b3 Nxe5 18. Bxe5 Qe7 19. Nd2 Ba3 20. Rxc8 Rxc8 21. h3 Be8 22. Bb1 Nd7 23. Qd3 Nf8 24. e4 f6 25. Bf4 Bg6 26. Qg3 dxe4 27. Nxe4 Qf7 28. Re1 Bb4 29. Rd1 Kh7 30. Bd6 Ba5 31. Bxf8 Qxf8 32. Nd6 Bxb1 33. Nxc8 Bg6 34. Rc1 Qa3 35. Qe3 Bb4 36. Rf1 Qxa2 37. Qxe6 a5 38. f4 Bd3 39. Rf3 Qd2 40. Kh2 a4 41. bxa4 bxa4 42. Ne7 Bxe7 43. Qxe7 a3 44. Rg3 Bg6 45. f5 1-0


[Site "https://www.chess.com"]

[Event "Titled Tuesday Blitz February 28 Early 2023"]
[White "Sasikiran, Krishnan"]
[Black "Deac, Bogdan-Daniel"]
[WhiteFideId "5004985"]
[BlackFideId "1226380"]
[WhiteElo "2567"]
[BlackElo "2649"]
[Result "0-1"]
[Round "05"]
[TimeControl "180+2"]
[Date "2023.02.28"]
[WhiteClock "0:00:04"]
[BlackClock "0:00:04"]

1. d4 Nf6 2. c4 e6 3. Nc3 Bb4 4. f3 d5 5. a3 Bxc3+ 6. bxc3 c6 7. e4 dxe4 8. fxe4 e5 9. Nf3 Bg4 10. Be2 Nbd7 11. O-O O-O 12. Bg5 Bxf3 13. Bxf3 h6 14. Bh4 Qa5 15. Qe1 Rfe8 16. Kh1 Qa6 17. c5 b6 18. cxb6 axb6 19. Qb1 Qa5 20. Qd3 b5 21. h3 Qa4 22. Rfb1 Qa5 23. Kh2 Qc7 24. Bg3 Ra4 25. Rb4 Qa7 26. Rxa4 Qxa4 27. Kh1 Qb3 28. Kh2 exd4 29. Qxd4 Qe6 30. a4 c5 31. Qd3 bxa4 32. Rxa4 Ne5 33. Qb5 Nxf3+ 34. gxf3 Rd8 35. Bf4 Nh5 36. Bc7 Rd2+ 37. Kg1 Qg6+ 38. Kf1 Qg2+ 39. Ke1 Qf2# 0-1


[Site "https://www.chess.com"]

[Event "Titled Tuesday Blitz February 28 Early 2023"]
[White "Shimanov, Aleksandr"]
[Black "Amin, Bassem"]
[WhiteFideId "4198603"]
[BlackFideId "10601457"]
[WhiteElo "2631"]
[BlackElo "2690"]
[Result "1-0"]
[Round "05"]
[TimeControl "180+2"]
[Date "2023.02.28"]
[WhiteClock "0:00:29"]
[BlackClock "0:00:02"]

1. e4 e5 2. Nf3 Nc6 3. Nc3 Nf6 4. h3 d5 5. exd5 Nxd5 6. Bb5 Nxc3 7. bxc3 Bd6 8. O-O O-O 9. Re1 Re8 10. d4 exd4 11. Rxe8+ Qxe8 12. cxd4 Bd7 13. Bb2 a6 14. Bf1 Bf5 15. c4 Rd8 16. Qb3 Na5 17. Qc3 Qa4 18. d5 Bf8 19. Nd4 Bg6 20. h4 Qb4 21. a3 Qxc3 22. Bxc3 Bc5 23. Bxa5 Bxd4 24. Rd1 Be5 25. c5 Bh5 26. Re1 f6 27. d6 b6 28. dxc7 Bxc7 29. cxb6 Bd6 30. b7 Rb8 31. Bxa6 Bf7 32. Rc1 Be6 33. Bc7 Bxc7 34. Rxc7 1-0


[Site "https://www.chess.com"]

[Event "Titled Tuesday Blitz February 28 Early 2023"]
[White "Bortnyk, Olexandr"]
[Black "Movahed, Sina"]
[WhiteFideId "14120828"]
[BlackFideId "42520835"]
[WhiteElo "2734"]
[BlackElo "2225"]
[Result "1-0"]
[Round "05"]
[TimeControl "180+2"]
[Date "2023.02.28"]
[WhiteClock "0:00:29"]
[BlackClock "0:00:13"]

1. d4 Nf6 2. Nc3 d5 3. Bf4 g6 4. e3 Bg7 5. h4 h5 6. Nf3 O-O 7. Qd2 c5 8. dxc5 Qa5 9. Nb5 Qd8 10. Nc7 Nc6 11. Nxa8 Ne4 12. Qc1 Bf5 13. c3 e5 14. Bh2 Nxc5 15. Be2 Nd3+ 16. Bxd3 Bxd3 17. Qd2 Bc4 18. b3 Ba6 19. Rd1 e4 20. Nc7 exf3 21. Nxa6 fxg2 22. Rg1 bxa6 23. Rxg2 Qxh4 24. Qxd5 Bxc3+ 25. Ke2 Nb4 26. Rxg6+ Kh7 27. Qg5 Qxg5 28. Rxg5 Nxa2 29. Rdg1 Kh6 30. Bf4 Rd8 31. Rg7# 1-0


[Site "https://www.chess.com"]

[Event "Titled Tuesday Blitz February 28 Early 2023"]
[White "Talibov, Shiroghlan"]
[Black "Makarian, Rudik"]
[WhiteFideId "13429078"]
[BlackFideId "44105681"]
[WhiteElo "2218"]
[BlackElo "2419"]
[Result "1-0"]
[Round "05"]
[TimeControl "180+2"]
[Date "2023.02.28"]
[WhiteClock "0:00:06"]
[BlackClock "0:00:01"]

1. e4 c5 2. Nf3 Nc6 3. d4 cxd4 4. Nxd4 e6 5. Nc3 a6 6. f4 Nxd4 7. Qxd4 b5 8. Be3 Bb7 9. a3 Rc8 10. Be2 Qc7 11. Bf3 f6 12. Qd2 Bc5 13. Bxc5 Qxc5 14. O-O-O Bc6 15. e5 f5 16. Bxc6 Qxc6 17. Qd6 Ne7 18. Qxc6 Nxc6 19. Rd6 Ke7 20. Rhd1 Rc7 21. Ne2 g5 22. g3 gxf4 23. gxf4 Rg8 24. Rg1 Rxg1+ 25. Nxg1 Rc8 26. Rd3 Rg8 27. Rg3 Rg4 28. Nh3 h5 29. Kd2 h4 30. Rxg4 fxg4 31. Nf2 g3 32. hxg3 hxg3 33. Nh3 d6 34. exd6+ Kxd6 35. Ke3 e5 36. Kf3 Nd4+ 37. Kxg3 Nxc2 38. Kf3 Kd5 39. f5 e4+ 40. Kg4 e3 41. f6 Ke6 42. f7 Kxf7 43. Kf3 Ke6 44. Ke2 Kf5 45. Kd3 Kg4 46. Kxc2 1-0


[Site "https://www.chess.com"]

[Event "Titled Tuesday Blitz February 28 Early 2023"]
[White "Mahdavi, Reza"]
[Black "Grigoriants, Sergey"]
[WhiteFideId "12595926"]
[BlackFideId "4130804"]
[WhiteElo "2242"]
[BlackElo "2502"]
[Result "0-1"]
[Round "05"]
[TimeControl "180+2"]
[Date "2023.02.28"]
[WhiteClock "0:01:10"]
[BlackClock "0:01:23"]

1. Nf3 d5 2. g3 g6 3. Bg2 Bg7 4. d4 c6 5. O-O Nd7 6. c4 dxc4 7. Qc2 b5 8. a4 Bb7 9. Nfd2 a6 10. b3 Bxd4 11. Bb2 cxb3 12. Nxb3 Bxb2 13. Qxb2 Ngf6 14. e4 e5 15. f4 O-O 16. fxe5 Ng4 17. e6 Qb6+ 18. Kh1 fxe6 19. a5 Nf2+ 20. Kg1 Nh3+ 21. Kh1 Rxf1+ 0-1


[Site "https://www.chess.com"]

[Event "Titled Tuesday Blitz February 28 Early 2023"]
[White "Abdrlauf, Elham"]
[Black "Rostomyan, Mikayel"]
[WhiteFideId "1533533"]
[BlackFideId "13313754"]
[WhiteElo "2476"]
[BlackElo "2009"]
[Result "1-0"]
[Round "05"]
[TimeControl "180+2"]
[Date "2023.02.28"]
[WhiteClock "0:00:15"]
[BlackClock "0:00:01"]

1. e4 c5 2. Nf3 Nc6 3. b4 Nxb4 4. c3 Nc6 5. d4 cxd4 6. cxd4 e6 7. Nc3 Bb4 8. Bd2 d5 9. e5 Nh6 10. Bd3 O-O 11. O-O Nf5 12. Bxf5 exf5 13. Ne2 Qa5 14. Bxb4 Qxb4 15. Nf4 Be6 16. Rb1 Qe7 17. h4 h6 18. Qd2 b6 19. Rbc1 Na5 20. h5 Nc4 21. Rxc4 dxc4 22. d5 Rfd8 23. d6 Qb7 24. Nd4 Qd7 25. Rc1 b5 26. Qa5 a6 27. a3 Rdc8 28. Rc3 Rc5 29. Re3 Rcc8 30. Rg3 Kh7 31. Qb4 a5 32. Qxb5 c3 33. Rxg7+ Kxg7 34. Nfxe6+ Qxe6 35. Nxe6+ fxe6 36. Qb7+ Kg8 37. d7 Rd8 38. Qc6 Kf7 39. Qxc3 Rxd7 40. Qe3 Rh8 41. g3 Rh7 42. Kg2 Rh8 43. a4 Rh7 44. Qc5 Rh8 45. Qxa5 Rhd8 46. Qc3 Rd5 47. Qe3 Kg7 48. Qb6 Kf7 49. a5 R5d7 50. a6 Ra8 51. Qe3 Kg7 52. g4 fxg4 53. Qe4 Kf7 54. Qxa8 1-0


[Site "https://www.chess.com"]

[Event "Titled Tuesday Blitz February 28 Early 2023"]
[White "Indjic, Aleksandar"]
[Black "Bews, Steven"]
[WhiteFideId "911925"]
[BlackFideId "2400529"]
[WhiteElo "2625"]
[BlackElo "2573"]
[Result "0-1"]
[Round "05"]
[TimeControl "180+2"]
[Date "2023.02.28"]
[WhiteClock "0:00:51"]
[BlackClock "0:00:45"]

1. d4 Nf6 2. c4 e6 3. Nc3 Bb4 4. f3 d5 5. a3 Bxc3+ 6. bxc3 c5 7. cxd5 Nxd5 8. Qd3 f5 9. e4 Nf6 10. e5 Nd5 11. c4 Ne7 12. Bb2 cxd4 13. f4 Qa5+ 14. Kf2 Nbc6 15. Nf3 O-O 16. Bxd4 Rd8 17. Qc3 Qc7 18. Bc5 Ng6 19. g3 Ncxe5 20. fxe5 Qxc5+ 21. Qe3 Qxe3+ 22. Kxe3 Bd7 23. Be2 Bc6 24. Rhb1 Rac8 25. Ng5 Nxe5 26. Kf2 Re8 27. Nh3 Rcd8 28. Ke3 Nf7 29. g4 Nd6 30. Rg1 fxg4 31. Rxg4 Nf5+ 32. Kf2 Rd2 33. Rag1 g6 34. Ke1 Ra2 35. Nf2 Rxa3 36. h4 Ra1+ 37. Kd2 Rd8+ 38. Bd3 Rxg1 39. Rxg1 Nxh4 40. Kc3 Nf3 41. Rg3 Ne5 42. Be2 Nf7 43. Ng4 Kg7 44. Bd3 e5 45. Ne3 e4 46. Be2 Ne5 47. Rg5 Kf6 48. Rg1 h5 49. Rf1+ Nf3 50. Nc2 h4 51. Nd4 Rxd4 52. Bxf3 Rd3+ 53. Kb4 Rxf3 0-1


[Site "https://www.chess.com"]

[Event "Titled Tuesday Blitz February 28 Early 2023"]
[White "So, Wesley"]
[Black "Postma, Dinant"]
[WhiteFideId "5202213"]
[BlackFideId "1018612"]
[WhiteElo "2739"]
[BlackElo "2592"]
[Result "1-0"]
[Round "05"]
[TimeControl "180+2"]
[Date "2023.02.28"]
[WhiteClock "0:00:39"]
[BlackClock "0:00:01"]

1. d4 Nf6 2. c4 g6 3. f3 Bg7 4. e4 d6 5. Ne2 O-O 6. Nbc3 c5 7. d5 a6 8. a4 e6 9. Ng3 exd5 10. cxd5 Nbd7 11. Be2 Qc7 12. O-O h5 13. Bg5 Nh7 14. Be3 h4 15. Nh1 Ne5 16. f4 Bh6 17. Qd2 Ng4 18. Bxg4 Bxg4 19. f5 Bg7 20. Rf4 Bh5 21. Rxh4 Rae8 22. Ng3 Bf6 23. Rf4 Bg5 24. Rf2 Bxe3 25. Qxe3 Nf6 26. h3 Qe7 27. Raf1 Kg7 28. fxg6 fxg6 29. Qg5 Qe5 30. Nxh5+ Nxh5 31. Qxe5+ dxe5 32. a5 Rxf2 33. Rxf2 Nf4 34. Na4 c4 35. Nb6 1-0


[Site "https://www.chess.com"]

[Event "Titled Tuesday Blitz February 28 Early 2023"]
[White "Mirzoev, Azer"]
[Black "Andreikin, Dmitry"]
[WhiteFideId "13400304"]
[BlackFideId "4158814"]
[WhiteElo "2525"]
[BlackElo "2736"]
[Result "0-1"]
[Round "05"]
[TimeControl "180+2"]
[Date "2023.02.28"]
[WhiteClock "0:00:30"]
[BlackClock "0:00:07"]

1. d4 Nf6 2. Nf3 e6 3. c4 b6 4. Nc3 Bb7 5. Bg5 h6 6. Bh4 g5 7. Bg3 Nh5 8. e3 Nxg3 9. hxg3 Bg7 10. Bd3 d6 11. Be4 c6 12. Qa4 a6 13. Qb3 Nd7 14. O-O-O b5 15. cxb5 axb5 16. a3 Qb6 17. Kb1 Ke7 18. Nd2 d5 19. Bc2 c5 20. Nxb5 Ba6 21. a4 Rhb8 22. Nf3 Bxb5 23. axb5 Qa5 24. Kc1 Rxb5 25. Qc3 Qa1+ 26. Kd2 Qxb2 27. Qxb2 Rxb2 28. Rb1 Raa2 29. Rxb2 Rxb2 30. dxc5 Nxc5 31. Ne1 Ne4+ 32. Kc1 Nxf2 33. Rf1 Ng4 34. e4 Ne3 35. Rf3 Nxc2 36. Nxc2 dxe4 37. Ra3 Rb7 38. Kd2 f5 39. g4 Be5 40. gxf5 Bf4+ 41. Ke2 Rb2 42. Kd1 exf5 43. Ra5 Kf6 44. Ra6+ Kg7 45. Ra7+ Kg6 46. Rd7 e3 0-1


[Site "https://www.chess.com"]

[Event "Titled Tuesday Blitz February 28 Early 2023"]
[White "Barrientos, Sergio E"]
[Black "Firouzja, Alireza"]
[WhiteFideId "4401824"]
[BlackFideId "12573981"]
[WhiteElo "2408"]
[BlackElo "2904"]
[Result "0-1"]
[Round "05"]
[TimeControl "180+2"]
[Date "2023.02.28"]
[WhiteClock "0:01:38"]
[BlackClock "0:02:36"]

1. d4 Nf6 2. c4 g6 3. Nc3 Bg7 4. e4 d6 5. h3 O-O 6. Nf3 e5 7. d5 a5 8. Be3 Na6 9. Nd2 Nd7 10. g4 Ndc5 11. a3 Bd7 12. Be2 Bf6 13. Qc2 Bg5 14. Nf1 a4 15. O-O-O Nb3+ 16. Kb1 Bxe3 17. Nxe3 Nd4 18. Qd2 Nc5 19. h4 Qf6 20. Rdf1 Qf4 21. f3 Ndb3 0-1


[Site "https://www.chess.com"]

[Event "Titled Tuesday Blitz February 28 Early 2023"]
[White "Duda, Jan-Krzysztof"]
[Black "Csonka, Balazs"]
[WhiteFideId "1170546"]
[BlackFideId "742910"]
[WhiteElo "2790"]
[BlackElo "2404"]
[Result "1-0"]
[Round "05"]
[TimeControl "180+2"]
[Date "2023.02.28"]
[WhiteClock "0:00:19"]
[BlackClock "0:00:03"]

1. c3 Nf6 2. d4 d5 3. Bf4 e6 4. e3 Bd6 5. Bd3 O-O 6. Bxd6 Qxd6 7. f4 c5 8. Nf3 cxd4 9. cxd4 Nc6 10. a3 Ne7 11. Nc3 Bd7 12. Ne5 Rfc8 13. g4 Bc6 14. Qf3 Be8 15. g5 Nd7 16. h4 Qb6 17. Rh2 Qa5 18. Rc2 Nxe5 19. fxe5 Rc7 20. h5 Rac8 21. b4 Qb6 22. Rac1 a5 23. b5 a4 24. h6 Qa5 25. Kd2 Ng6 26. hxg7 Kxg7 27. b6 Qxb6 28. Qf6+ Kg8 29. Rf1 Rxc3 30. Rxc3 Qb2+ 31. Rc2 Rxc2+ 32. Bxc2 Qxa3 33. Qd8 Qb4+ 34. Ke2 Qb5+ 35. Kf2 Qd7 36. Qb8 Kg7 37. Kg3 Qc6 38. Bxg6 hxg6 39. Qd8 Qc3 40. Kf3 Qc6 41. Rh1 1-0


[Site "https://www.chess.com"]

[Event "Titled Tuesday Blitz February 28 Early 2023"]
[White "Belozerov, Andrei"]
[Black "Fedoseev, Vladimir"]
[WhiteFideId "4120213"]
[BlackFideId "24130737"]
[WhiteElo "2360"]
[BlackElo "2752"]
[Result "1/2-1/2"]
[Round "05"]
[TimeControl "180+2"]
[Date "2023.02.28"]
[WhiteClock "0:00:46"]
[BlackClock "0:00:24"]

1. e4 c5 2. Nf3 d6 3. Bb5+ Bd7 4. Bxd7+ Nxd7 5. O-O e6 6. c4 Ne5 7. Nc3 Nxf3+ 8. Qxf3 Ne7 9. b3 Nc6 10. Bb2 Be7 11. Ne2 Bf6 12. Bxf6 Qxf6 13. Qxf6 gxf6 14. Rfd1 Ke7 15. d4 cxd4 16. Nxd4 Rac8 17. Rd2 Nxd4 18. Rxd4 Rc5 19. Rad1 Rd8 20. f3 a5 21. Kf2 f5 22. Ke3 fxe4 23. fxe4 h5 24. R1d2 b5 25. cxb5 Rxb5 26. Kf3 f5 27. exf5 Rxf5+ 28. Rf4 Rxf4+ 29. Kxf4 Kf6 30. Ke4 d5+ 31. Kd3 e5 32. a3 h4 33. b4 axb4 34. axb4 Ra8 35. Rb2 Ra3+ 36. Kc2 e4 37. b5 Ra7 38. b6 Rb7 39. Kc3 Ke5 40. Rb5 Kf4 41. Kd4 e3 42. Rb2 e2 43. Rxe2 Rxb6 44. Rf2+ Kg4 45. Kxd5 Rb1 46. Ke4 Re1+ 47. Kd3 Rh1 48. g3 hxg3 49. hxg3 Kxg3 50. Re2 Rh3 51. Re3+ Kg4 52. Rxh3 Kxh3 1/2-1/2


[Site "https://www.chess.com"]

[Event "Titled Tuesday Blitz February 28 Early 2023"]
[White "Starozhilov, Leonid"]
[Black "Sarana, Alexey"]
[WhiteFideId "14106752"]
[BlackFideId "24133795"]
[WhiteElo "2414"]
[BlackElo "2717"]
[Result "0-1"]
[Round "05"]
[TimeControl "180+2"]
[Date "2023.02.28"]
[WhiteClock "0:00:02"]
[BlackClock "0:00:20"]

1. e4 c5 2. Nf3 d6 3. Bb5+ Bd7 4. c4 Nc6 5. Nc3 e5 6. a3 Nge7 7. O-O Ng6 8. b4 Be7 9. bxc5 dxc5 10. Nd5 O-O 11. Ne3 Nf4 12. Bb2 Bd6 13. g3 Ne6 14. d3 Ned4 15. Nxd4 cxd4 16. Nf5 Bc5 17. Bc1 g6 18. Nh4 Kg7 19. f4 exf4 20. Bxf4 f6 21. Nf3 g5 22. Bd2 Bg4 23. Qb3 Qc7 24. Bxc6 bxc6 25. Bb4 Rfb8 26. Qa4 Qd6 27. Rab1 h6 28. Kg2 Rb6 29. h3 Bd7 30. Bxc5 Qxc5 31. Qc2 Rab8 32. Rfc1 Qxa3 33. Rxb6 Rxb6 34. Qd1 Rb2+ 35. Rc2 c5 36. Rxb2 Qxb2+ 37. Nd2 a5 38. g4 a4 39. Kg3 a3 40. e5 Qb8 0-1


[Site "https://www.chess.com"]

[Event "Titled Tuesday Blitz February 28 Early 2023"]
[White "Kucuksari, Kaan"]
[Black "Daneshvar, Bardiya"]
[WhiteFideId "6380166"]
[BlackFideId "12576468"]
[WhiteElo "2364"]
[BlackElo "2482"]
[Result "1-0"]
[Round "05"]
[TimeControl "180+2"]
[Date "2023.02.28"]
[WhiteClock "0:00:16"]
[BlackClock "0:00:10"]

1. d4 b6 2. e4 Bb7 3. Bd3 Nf6 4. Nc3 e6 5. a3 d5 6. e5 Nfd7 7. Nce2 Ba6 8. Nf3 c5 9. Bxa6 Nxa6 10. c3 Be7 11. Ng3 Nc7 12. h4 h6 13. h5 Qc8 14. O-O Qa6 15. b4 cxb4 16. cxb4 Bxb4 17. Bxh6 Rxh6 18. axb4 Qb7 19. Ng5 f6 20. exf6 gxf6 21. Nxe6 Nxe6 22. Nf5 Qb8 23. Re1 Qf4 24. Rxe6+ Kf7 25. Nxh6+ Kxe6 26. Qe2+ Kd6 27. Nf7+ Kc7 28. h6 Nf8 29. Qe7+ Kc6 30. Nd8+ Kb5 31. Qxf8 Qxd4 32. Rf1 Qd3 33. Qd6 1-0


[Site "https://www.chess.com"]

[Event "Titled Tuesday Blitz February 28 Early 2023"]
[White "Kowalczyk, Pawel"]
[Black "Tabatabaei, M. Amin"]
[WhiteFideId "1130641"]
[BlackFideId "12521213"]
[WhiteElo "2324"]
[BlackElo "2565"]
[Result "0-1"]
[Round "05"]
[TimeControl "180+2"]
[Date "2023.02.28"]
[WhiteClock "0:00:03"]
[BlackClock "0:00:22"]

1. e4 e5 2. Nf3 Nc6 3. Bb5 a6 4. Bxc6 dxc6 5. h3 f6 6. O-O Ne7 7. d4 exd4 8. Nxd4 c5 9. Ne2 Be6 10. Be3 Nc6 11. Nbc3 Bf7 12. Re1 Bd6 13. Nd5 O-O 14. c3 Re8 15. f3 Ne5 16. Bf2 c4 17. Ndf4 Nd3 18. Nxd3 cxd3 19. Nd4 c5 20. Nf5 Bf4 21. Be3 Bxe3+ 22. Rxe3 c4 23. Nd4 Qb6 24. Qd2 Rad8 25. Rae1 Rxd4 26. cxd4 Qxd4 27. Qc3 Rd8 28. Qxd4 Rxd4 29. e5 fxe5 30. Rxe5 b5 31. a3 Bg6 32. Rc5 h5 33. Kf2 d2 34. Rd1 Bc2 35. Ke2 Bxd1+ 36. Kxd1 h4 37. Rc6 a5 38. Rc5 b4 39. Rxa5 c3 40. bxc3 bxc3 41. Rc5 Rd3 42. a4 Re3 43. Kc2 Re1 44. Rd5 Rc1+ 45. Kb3 d1=R 46. Rxd1 Rxd1 47. Kxc3 Rg1 48. a5 Rxg2 49. Kb3 Rg3 50. a6 Rxh3 0-1


[Site "https://www.chess.com"]

[Event "Titled Tuesday Blitz February 28 Early 2023"]
[White "Dominguez Perez, Leinier"]
[Black "Weetik, Vjacheslav"]
[WhiteFideId "3503240"]
[BlackFideId "4153472"]
[WhiteElo "2647"]
[BlackElo "2469"]
[Result "0-1"]
[Round "05"]
[TimeControl "180+2"]
[Date "2023.02.28"]
[WhiteClock "0:00:07"]
[BlackClock "0:00:26"]

1. e4 c6 2. d4 d5 3. e5 Bf5 4. Nf3 e6 5. Be2 Nd7 6. O-O Bg6 7. Nbd2 Nh6 8. Nb3 Nf5 9. a4 Be7 10. g4 Nh6 11. h3 O-O 12. Be3 f6 13. exf6 Rxf6 14. g5 Rxf3 15. Bxf3 Bxg5 16. Qd2 Bxe3 17. Qxe3 Qf6 18. Rae1 Re8 19. Bg2 Bxc2 20. Na5 Nf5 21. Qc3 Bxa4 22. f4 b6 23. Nb3 Bxb3 24. Qxb3 Qxd4+ 25. Kh2 Nc5 26. Qf3 Qxb2 27. Qg4 Qf6 28. Rf3 a5 29. Ra3 a4 30. Ra2 Qc3 31. Ree2 g6 32. Qg5 Kg7 33. Qg4 Qf6 34. Bf1 h5 35. Qg2 Nd4 36. Rf2 Ne4 37. Rfb2 Qxf4+ 38. Kh1 Ng3+ 39. Kg1 Nf3+ 40. Kf2 Nh4+ 0-1


[Site "https://www.chess.com"]

[Event "Titled Tuesday Blitz February 28 Early 2023"]
[White "Orlov, Georgi"]
[Black "Matlakov, Maxim"]
[WhiteFideId "2011271"]
[BlackFideId "4168003"]
[WhiteElo "2646"]
[BlackElo "2666"]
[Result "0-1"]
[Round "05"]
[TimeControl "180+2"]
[Date "2023.02.28"]
[WhiteClock "0:00:02"]
[BlackClock "0:00:18"]

1. d4 d5 2. Nf3 Nf6 3. c4 c6 4. Nc3 dxc4 5. a4 Bf5 6. e3 e6 7. Bxc4 Bb4 8. O-O O-O 9. Qe2 Ne4 10. Na2 Bd6 11. Ne5 Nd7 12. f3 Nef6 13. e4 Bxe5 14. dxe5 Nxe5 15. Rd1 Qe7 16. Bb3 Bg6 17. Bf4 Nfd7 18. Qe3 Rfd8 19. Rac1 f6 20. h3 Bf7 21. Bg3 a5 22. f4 Ng6 23. Rc3 e5 24. f5 Nf4 25. Bxf4 exf4 26. Qxf4 Bxb3 27. Rxb3 Ne5 28. Rxd8+ Rxd8 29. Kh2 Qd6 30. Rg3 Qd2 31. Qh4 Kh8 32. Nc3 Qxb2 33. Qh5 Qd2 34. Nb1 Qf4 35. Nc3 Qd2 36. Nb1 Qh6 37. Qxh6 gxh6 38. Rb3 Rd7 39. Na3 Rd3 40. Rxd3 Nxd3 41. Nc4 b5 42. axb5 cxb5 43. Nxa5 Nc5 44. e5 fxe5 45. g4 b4 46. Nc4 b3 47. Kg3 Nd3 48. Kf3 b2 49. Nd2 Nc5 50. Nb1 Kg7 51. h4 Kf6 0-1


[Site "https://www.chess.com"]

[Event "Titled Tuesday Blitz February 28 Early 2023"]
[White "Alvarez Calzadilla, Jose Avelino"]
[Black "Sanal, Vahap"]
[WhiteFideId "3526151"]
[BlackFideId "6300545"]
[WhiteElo "2310"]
[BlackElo "2605"]
[Result "1/2-1/2"]
[Round "05"]
[TimeControl "180+2"]
[Date "2023.02.28"]
[WhiteClock "0:00:04"]
[BlackClock "0:00:07"]

1. d4 d6 2. e4 Nf6 3. Nc3 e5 4. Nf3 Nbd7 5. Bd3 Be7 6. O-O O-O 7. Re1 c6 8. a4 Re8 9. h3 Bf8 10. d5 cxd5 11. exd5 Nc5 12. Bf1 h6 13. Be3 b6 14. a5 Rb8 15. axb6 axb6 16. b4 Nce4 17. Nb5 Bd7 18. Na7 Nc3 19. Qd2 Ncxd5 20. c4 Nxe3 21. Rxe3 Ra8 22. Rea3 Qe7 23. Ra6 Reb8 24. b5 Qd8 25. Qa2 Qc7 26. Nd2 Rb7 27. Bd3 Re8 28. Ne4 Nxe4 29. Bxe4 Rbb8 30. Bc6 Bxc6 31. Nxc6 Rb7 32. Ra8 Qd7 33. Qa6 Rxa8 34. Qxa8 g6 35. Nd8 Rc7 36. Nc6 Kg7 37. Qb8 Rb7 38. Qa8 Be7 39. Rd1 Bf6 40. g3 Qe6 41. Qxb7 Qxc4 42. Qd7 Qxb5 43. Rxd6 Qe2 44. Nd8 Qe1+ 45. Kg2 Qe4+ 46. Kf1 Qh1+ 47. Ke2 Qe4+ 48. Kd1 Qb1+ 49. Ke2 Qe4+ 50. Kf1 Bxd8 51. Qxd8 Qh1+ 52. Ke2 Qe4+ 53. Kd2 Qb4+ 54. Kc2 Qc4+ 55. Kd2 Qb4+ 56. Ke2 Qe4+ 57. Kf1 Qh1+ 58. Ke2 Qe4+ 1/2-1/2


[Site "https://www.chess.com"]

[Event "Titled Tuesday Blitz February 28 Early 2023"]
[White "Kamsky, Gata"]
[Black "Domingo Nunez, Ruben"]
[WhiteFideId "2000024"]
[BlackFideId "22245570"]
[WhiteElo "2666"]
[BlackElo "2404"]
[Result "1-0"]
[Round "05"]
[TimeControl "180+2"]
[Date "2023.02.28"]
[WhiteClock "0:00:04"]
[BlackClock "0:00:02"]

1. d4 Nf6 2. Bf4 g6 3. c3 b6 4. Nf3 Bb7 5. Nbd2 Bg7 6. e3 O-O 7. a4 a5 8. h3 d6 9. Bb5 Nbd7 10. O-O Ne4 11. Nxe4 Bxe4 12. Nd2 Bb7 13. e4 e5 14. Be3 Nf6 15. dxe5 dxe5 16. Qc2 Qe7 17. Rfd1 Rfd8 18. Bg5 h6 19. Bh4 g5 20. Bg3 Rd6 21. f3 Nh5 22. Bf2 Rad8 23. Nf1 Nf4 24. Ne3 Bc8 25. Kh2 Bf8 26. Rxd6 Rxd6 27. Rd1 Qd8 28. Rxd6 Bxd6 29. Nf5 Bxf5 30. exf5 e4 31. g3 e3 32. Bxe3 Nh5 33. Bf2 c6 34. Bc4 Qc7 35. f4 gxf4 36. g4 f3+ 37. Kh1 Nf4 38. f6 Bc5 39. Bxc5 bxc5 40. Qf2 Nxh3 41. Qxf3 Ng5 42. Qe3 Qd8 43. Qe7 Qd1+ 44. Kh2 Qd2+ 45. Kg3 Qc1 46. Qe8+ Kh7 47. Bd3+ 1-0


[Site "https://www.chess.com"]